 Dungeon Crawl Stone Soup version 0.20.1-1-g8b1a95d (webtiles) character file.

151 Gnungangingling the Grave Robber (level 5, -5/31 HPs)
             Began as a Demonspawn Necromancer on Sept 8, 2017.
             Killed from afar by Ijyb (16 damage)
             ... with a wand of lightning (?/15)
             ... on level 4 of the Dungeon.
             The game lasted 00:20:57 (2456 turns).

Gnungangingling the Grave Robber (DsNe)             Turns: 2456, Time: 00:20:57

Health: -5/31      AC:  4    Str:  7 (9)  XL:     5   Next: 10%
Magic:  9/10       EV: 12    Int: 16 (17) God:
Gold:   121        SH:  0    Dex: 11 (13) Spells: 2/11 levels left

rFire    . . .     SeeInvis .   u - +0 dagger
rCold    . . .     Gourm    .   (no shield)
rNeg     . . .     Faith    .   a - +1 robe
rPois    .         Spirit   .   (no helmet)
rElec    .         Reflect  .   (no cloak)
rCorr    +         Harm     .   q - +0 pair of gloves
MR       .....     Clarity  +   (no boots)
Stlth    ++........             (no amulet)
Regen    0.1/turn               i - ring of resist corrosion
MPRegen  0.2/turn               (no ring)

@: no status effects
A: claws 1, talons 1, clarity, frail 1, spiny 2, wild magic 1
a: no special abilities


You were on level 4 of the Dungeon.
You were not hungry.

You visited 1 branch of the dungeon, and saw 4 of its levels.

You collected 121 gold pieces.

Inventory:

Hand Weapons
 u - a +0 dagger (weapon)
Armour
 a - a +1 robe (worn)
 f - a +0 pair of boots
 q - a +0 pair of gloves (worn)
Jewellery
 i - a ring of resist corrosion (left hand)
Scrolls
 c - a scroll of teleportation
 n - a scroll of blinking
Potions
 d - 2 potions of resistance {unknown}
 e - a potion of cancellation
Books
 b - a book of Necromancy

   Spells                             Type                      Level
   a - Pain                           Necromancy                   1
   b - Animate Skeleton               Necromancy                   1
   c - Vampiric Draining              Necromancy                   3
   d - Regeneration                   Charms/Necromancy            3
   e - Animate Dead                   Necromancy                   4
   f - Control Undead                 Necromancy                   4
Comestibles
 t - 2 royal jellies


   Skills:
 + Level 2.0 Dodging
 + Level 1.9 Stealth
 + Level 3.6 Spellcasting
 + Level 5.7 Necromancy


You had 2 spell levels left.
You knew the following spells:

 Your Spells              Type           Power        Failure   Level  Hunger
a - Pain                  Necr           ####         3%          1    None
b - Animate Skeleton      Necr           N/A          3%          1    None
c - Vampiric Draining     Necr           ####......   8%          3    ###....
d - Animate Dead          Necr           N/A          22%         4    ####...


Dungeon Overview and Level Annotations

Branches:
Dungeon (4/15)
 Temple: D:4-7

Altars:
Makhleb

Annotations:
D:4 Ijyb


Innate Abilities, Weirdness & Mutations

You have sharp fingernails.
You are mostly covered in sharp spines.
You have sharp toenails.
You possess an exceptional clarity of mind.
You are frail. (-10% HP)
Your spells are a little harder to cast, but a little more powerful.


Message History

Your worm zombie bites the orc!
The orc dies!
You swap places.
Things that are here:
a mace; an orc corpse
Things that are here:
a mace; an orc corpse HP restored.
Ijyb the Twisted Goblin comes into view.
Ijyb shouts!
Casting: Animate Dead
Confirm with . or Enter, or press ? or * to list all spells.
Aiming: Pain
Press: ? - help, Shift-Dir - straight line, f - Ijyb
Aim: Ijyb, wearing a chain mail (chance to defeat MR: 89%) Ijyb barely resists.
Ijyb zaps a wand.
The bolt of lightning hits you!
Ouch! That really hurt!
The bolt of lightning hits you!
Ouch! That really hurt!
You die...

######### #...g.....#
#.# #@# #.# #.# #.# #.#
#.# #.# #.# #.# # #.#
#.# #. ##.## #Z#
..####...## #.########
#.##.###.#####.##.....#


You could see Ijyb and a friendly worm zombie.

Vanquished Creatures
  A worker ant (D:4)
  5 adders
  An ooze (D:2)
  3 worms
  A leopard gecko (D:2)
  5 orcs
  2 ball pythons
  A giant cockroach (D:3)
  5 goblins
  11 hobgoblins
  11 jackals
  2 bats
  2 frilled lizards
  6 kobolds
  6 rats
62 creatures vanquished.

Vanquished Creatures (collateral kills)
  An orc (D:4)
  A jackal (D:3)
2 creatures vanquished.

Grand Total: 64 creatures vanquished

Notes
Turn   | Place    | Note
-------+----------+-------------------------------------------
     0 | D:1      | Gnungangingling the Demonspawn Necromancer began the quest for the Orb.
     0 | D:1      | Reached XP level 1. HP: 13/13 MP: 3/3
    13 | D:1      | Learned a level 1 spell: Animate Skeleton
   272 | D:1      | Gained mutation: You are partially covered in sharp spines. [demonic ancestry]
   272 | D:1      | Reached XP level 2. HP: 11/19 MP: 0/5
   725 | D:2      | Reached skill level 5 in Necromancy
   808 | D:2      | Gained mutation: You have sharp fingernails. [demonic ancestry]
   808 | D:2      | Reached XP level 3. HP: 24/24 MP: 3/6
   849 | D:2      | Learned a level 3 spell: Vampiric Draining
  1566 | D:3      | Reached XP level 4. HP: 20/30 MP: 4/8
  1583 | D:3      | Gained mutation: You have sharp toenails. [potion of mutation]
  1583 | D:3      | Gained mutation: You possess an exceptional clarity of mind. [potion of mutation]
  1583 | D:3      | Gained mutation: You are frail. (-10% HP) [potion of mutation]
  1583 | D:3      | Gained mutation: Your spells are a little harder to cast, but a little more powerful. [potion of mutation]
  1674 | D:3      | Found a burning altar of Makhleb.
  2279 | D:4      | Gained mutation: You are mostly covered in sharp spines. [demonic ancestry]
  2279 | D:4      | Reached XP level 5. HP: 17/31 MP: 3/10
  2285 | D:4      | Learned a level 4 spell: Animate Dead
  2455 | D:4      | Noticed Ijyb
  2456 | D:4      | Killed from afar by Ijyb

Skill      XL: |  1  2  3  4 |
---------------+-------------+-----
Necromancy     | 5 |  5.7
Spellcasting   | 3 |  3.6
Dodging        | 2 |  2.0
Stealth        | |  1.9

Action                   |  1- 3 |  4- 6 || total
-------------------------+-------+-------++-------
Melee: Dagger            |    25 |     5 ||    30
       Unarmed           |     1 |       ||     1
 Cast: Pain              |    62 |    46 ||   108
       Animate Skeleton  |    12 |     3 ||    15
       Vampiric Draining |     3 |     2 ||     5
       Animate Dead      |       |     2 ||     2
  Use: Potion            |     3 |     8 ||    11
       Scroll            |    12 |       ||    12
  Eat: Chunk             |     2 |       ||     2
       Bread ration      |       |     1 ||     1
Armor: Robe              |     5 |     4 ||     9
Dodge: Dodged            |    33 |    18 ||    51
